 Dungeon Crawl Stone Soup version 0.31.0-11-ge490571c62 (webtiles) character file.

Game seed: 1138284747258695007

110065 Flugkiller the Fighter (level 16, -11/93 HPs)
             Began as a Vine Stalker Fighter on Feb 3, 2024.
             Was an Initiate of Gozag.
             Mangled by Asterion
             ... wielding a +1 spectral demon blade
              (17 damage)
             ... on level 1 of the Snake Pit.
             The game lasted 00:17:46 (19455 turns).

Flugkiller the Fighter (Vine Stalker Fighter)      Turns: 19455, Time: 00:17:47

Health: -11/93     AC: 26    Str: 28    XL:     16   Next: 54%
Magic:  0/36       EV: 20    Int:  9    God:    Gozag
Gold:   977        SH:  0    Dex: 24    Spells: 15/15 levels left

rFire   . . .        Y - +5 battleaxe (flame)
rCold   . . .        (shield currently unavailable)
rNeg    . . .        z - +4 ring mail "Cucoruex" {Will+}
rPois   +            R - +3 hat of Pondering {ponderous, Will+ MP+10 Int+5}
rElec   .            J - +2 cloak
rCorr   .            U - +3 pair of gauntlets of War {Slay+5}
SInv    .            (no boots)
Will    +++++        W - amulet of Pogh {Faith MP+9 Str+3}
Stlth   +            e - +4 ring of protection
HPRegen 1.15/turn    B - ring "Kimaxetz" {rPois Will++ Int-4 Dex+8}
MPRegen 0.25/turn

%: guardian spirit, faith
@: hasted, very quick
A: fangs 3, regeneration 1, magic shield, antimagic bite, no potion heal 2
a: Renounce Religion, Potion Petition, Call Merchant, Bribe Branch


You were on level 1 of the Snake Pit.
You worshipped Gozag.
Gozag was pleased with you.
You visited 4 branches of the dungeon, and saw 24 of its levels.

You collected 7247 gold pieces.
You spent 2453 gold pieces at shops.
You paid 3817 gold pieces to Gozag.

Inventory:

Hand Weapons
 a - a +1 war axe of electrocution
 y - a +5 battleaxe
   (You took it off a wight on level 6 of the Dungeon)
 A - a +1 whip of distortion
   (You took it off an orc on level 8 of the Dungeon)
 X - a +0 broad axe
   (You bought it in a shop on level 2 of the Orcish Mines)
 Y - a +5 battleaxe of flaming (weapon)
   (You bought it in a shop on level 2 of the Orcish Mines)
Missiles
 O - 5 curare-tipped darts (quivered)
Armour
 c - a +1 buckler
 z - the +4 ring mail "Cucoruex" (worn) {Will+}
   (You found it on level 2 of the Lair of Beasts)

   Will+:     It increases your willpower.
 E - a +0 pair of gloves
   (You found it on level 3 of the Dungeon)
 J - a +2 cloak (worn)
   (You took it off Crazy Yiuf on level 3 of the Dungeon)
 R - the +3 hat of Pondering (worn) {ponderous, Will+ MP+10 Int+5}
   (You took it off Gastronok on level 2 of the Lair of Beasts)

   Int+5:     It affects your intelligence (+5).
   Will+:     It increases your willpower.
   MP+10:     It affects your magic capacity (+10).
 U - the +3 pair of gauntlets of War (worn) {Slay+5}
   (You bought it in a shop on level 4 of the Lair of Beasts)

   Slay+5:    It affects your accuracy & damage with ranged weapons and melee
   (+5).
Jewellery
 e - a +4 ring of protection (left hand)
   (You found it on level 8 of the Dungeon)
 i - a ring of see invisible
   (You found it on level 5 of the Dungeon)
 o - a ring of poison resistance
   (You found it on level 2 of the Dungeon)
 p - a ring of protection from cold
   (You found it on level 4 of the Dungeon)
 s - a +6 ring of strength
   (You bought it in a shop on level 2 of the Dungeon)
 w - a +6 ring of dexterity
   (You found it on level 6 of the Dungeon)
 B - the ring "Kimaxetz" (right hand) {rPois Will++ Int-4 Dex+8}
   (You bought it in a shop on level 2 of the Orcish Mines)

   [ring of poison resistance]

   Int-4:     It affects your intelligence (-4).
   Dex+8:     It affects your dexterity (+8).
   rPois:     It protects you from poison Will++: It greatly increases your
   willpower.
 C - the amulet "Ywnaity" {Reflect Fly Will+++ Str-5 Dex-2 SH+5}
   (You bought it in a shop on level 8 of the Dungeon)

   [amulet of reflection]

   Reflect:   It reflects blocked missile attacks.
   Str-5:     It affects your strength (-5).
   Dex-2:     It affects your dexterity (-2).
   Will+++:   It greatly increases your willpower.
   Fly:       It grants you flight.
   SH+5:      It affects your SH (+5).
 H - a ring of magical power
   (You found it on level 9 of the Dungeon)
 W - the amulet of Pogh (around neck) {Faith MP+9 Str+3}
   (You found it on level 5 of the Lair of Beasts)

   [amulet of faith]

   Faith:     It allows you to gain divine favour quickly.
   Str+3:     It affects your strength (+3).
   MP+9:      It affects your magic capacity (+9).
 Z - a ring of fire
   (You found it on level 14 of the Dungeon)
Wands
 f - a wand of paralysis (1)
   (You found it on level 2 of the Dungeon)
 g - a wand of digging (7)
   (You found it on level 8 of the Dungeon)
 u - a wand of flame (10)
   (You found it on level 13 of the Dungeon)
 G - a wand of roots (17)
   (You found it on level 5 of the Dungeon)
 S - a wand of mindburst (18)
   (You found it on level 3 of the Lair of Beasts)
Scrolls
 k - 2 scrolls of poison
 l - 4 scrolls of fog
 m - a scroll of summoning
 r - 4 scrolls of identify
 t - 6 scrolls of teleportation
 v - 3 scrolls of vulnerability
 L - 3 scrolls of enchant armour
 M - 4 scrolls of fear
 N - 3 scrolls of amnesia
 Q - 2 scrolls of revelation
 T - a scroll of torment
Potions
 b - a potion of cancellation
 d - a potion of might
 h - 2 potions of haste
 n - a potion of resistance
 q - 5 potions of curing
 x - 3 potions of lignification
 D - 6 potions of enlightenment
 F - 5 potions of brilliance
 I - 3 potions of attraction
 K - 2 potions of mutation
 P - 2 potions of magic
Miscellaneous
 V - a lightning rod (4/4)
   (You found it on level 5 of the Lair of Beasts)


   Skills:
 + Level 14.2 Fighting
 + Level 14.1 Axes
 + Level 11.8 Armour
 + Level 10.5 Dodging
 - Level 5.5 Shields
 - Level 7.0 Evocations


You had 15 spell levels left.
You didn't know any spells.
Your spell library contained the following spells:

 Spells                   Type           Power      Damage    Failure   Level
 Apportation              Tloc           0%         N/A       47%         1
 Kiss of Death            Conj/Necr      0%         2d5       47%         1
 Magic Dart               Conj           0%         1d3       47%         1
 Necrotise                Necr           0%         1d4       47%         1
 Sandblast                Erth           0%         2d4       47%         1
 Sting                    Conj/Alch      0%         1d3       47%         1
 Summon Small Mammal      Summ           0%         N/A       47%         1
 Blink                    Tloc           0%         N/A       63%         2
 Call Imp                 Summ           0%         N/A       63%         2
 Cigotuvi's Dreadful Rot  Necr/Alch/Air  0%         N/A       63%         2
 Searing Ray              Conj           0%         2d4       63%         2
 Sublimation of Blood     Necr           0%         N/A       63%         2
 Confusing Touch          Hex            0%         N/A       85%         3
 Gell's Gravitas          Tloc           0%         N/A       85%         3
 Hailstorm                Conj/Ice       0%         3d5       85%         3
 Passwall                 Erth           0%         N/A       85%         3
 Stone Arrow              Conj/Erth      0%         3d7       85%         3
 Summon Ice Beast         Ice/Summ       0%         N/A       85%         3
 Teleport Other           Tloc           0%         N/A       85%         3
 Vampiric Draining        Necr           0%         2d6       85%         3
 Brom's Barrelling Bould  Conj/Erth      0%         2d3       99%         4
 Dispel Undead            Necr           0%         3d6       99%         4
 Fulminant Prism          Conj/Alch      0%         3d5       99%         4
 Ignite Poison            Fire/Alch      0%         N/A       99%         4
 Martyr's Knell           Necr/Summ      0%         N/A       99%         4
 Vhi's Electric Charge    Tloc/Air       0%         N/A       99%         4
 Arcjolt                  Conj/Air       0%         1d10      100%        5
 Curse of Agony           Necr           0%         N/A       100%        5
 Freezing Cloud           Conj/Ice/Air   0%         6-21      100%        5
 Summon Forest            Summ/Tloc      0%         N/A       100%        5
 Summon Mana Viper        Hex/Summ       0%         N/A       100%        5
 Dispersal                Tloc           0%         N/A       100%        6
 Sculpt Simulacrum        Ice/Alch       0%         N/A       100%        6
 Summon Cactus Giant      Summ           0%         N/A       100%        6
 Summon Hydra             Summ           0%         N/A       100%        7
 Maxwell's Capacitive Co  Air            0%         ∞         100%        8


Dungeon Overview and Level Annotations

Branches:
Dungeon (15/15) Zot: 25924  Temple (0/1) D:6            Lair (5/5) D:8 Zot: 24331
 Shoals (0/4) Lair:3        Snake (2/4) Lair:3 Zot: 11492   Slime (0/5) Lair:5
    Orc (2/2) D:11 Zot: 10624     Elf (0/3) Orc:2        Vaults (0/5) D:14
 Depths (0/4) D:15

Altars:
Gozag
Nemelex Xobeh
Okawaru
Trog
Uskayaw
Vehumet
Xom
Zin
The Shining One
Jiyva
Lugonu

Shops:
D:2 *   D:5 (   D:8 *   D:9 *?=   D:14 !   Orc:2 ([([*(   Lair:4 [(

Portals:
Abyss: Lair:5
Trove: D:13 (give 6 scrolls of fear)

Annotations:
D:14 5 transporters, Cicylist's ghost, journeyman FoFi
Lair:3 1 runed translucent door, 7tar4e's ghost, journeyman DsFi
Snake:1 Aizul; Asterion


Innate Abilities, Weirdness & Mutations

You have razor-sharp teeth.
Your natural rate of healing is unusually fast.
When hurt, damage is shared between your health and your magic reserves.
Your bite disrupts and absorbs the magic of your enemies.
Potions cannot restore your health.


Message History

Aizul's magic leaks into the air.
You drain her magic.
You feel invigorated.
Aizul is lightly wounded.
You feel extremely sick.
You hear a shout!
You hear an angry hiss.
Aizul hits you but does no damage. x2
Asterion prays to Makhleb.
Asterion seems to speed up.
You are too injured to fight recklessly!
You are too injured to fight recklessly!
You are too injured to fight recklessly!
Your system rejects the healing.
You feel better. Aizul hits you.
Asterion prays to Makhleb.
You hear an angry hiss.
You miss Aizul.
Aizul is lightly wounded.
Aizul's magic is no longer disrupted.
Aizul misses you. x2
A mana viper comes into view.
You barely miss Aizul.
Aizul is lightly wounded.
The mana viper hisses angrily.
You hear an angry hiss.
Aizul completely misses you.
You hit Aizul but do no damage. You bite Aizul.
Aizul's magic leaks into the air.
You drain her magic.
You feel invigorated.
Aizul is lightly wounded.
Aizul completely misses you. Aizul closely misses you.
You barely miss Aizul. You bite Aizul!
Aizul's magic leaks into the air.
You drain her magic.
Aizul is moderately wounded.
Aizul hits you but does no damage.
Okay, then. [a] - 300 gold - haste and heal wounds [b] - 400 gold - haste and resistance [c] - 464 gold - curing, magic and heal wounds Purchase which effect?
You feel yourself speed up.
You feel much better. Aizul hits you but does no damage.
Asterion barely misses you.
The +1 spectral demon blade completely misses you.
Asterion closely misses you. Aizul closely misses you.
Asterion hits you with a +1 spectral demon blade!
The +1 spectral demon blade misses you. Asterion gores you.
A +1 spectral demon blade comes into view.
You slice Aizul!! You burn Aizul. You bite Aizul!!
Aizul's magic leaks into the air.
You drain her magic.
You feel invigorated.
Aizul is heavily wounded.
Asterion blocks your attack.
You slice the +1 spectral demon blade!!
Asterion shares his spectral weapon's damage!
You burn the +1 spectral demon blade.
The +1 spectral demon blade disappears.
Aizul hits you! Asterion hits you but does no damage.
The +1 spectral demon blade hits you but does no damage.
Asterion gores you but does no damage.
A +1 spectral demon blade comes into view.
You barely miss Aizul. You bite Aizul, but do no damage.
Aizul is heavily wounded.
Asterion blocks your attack.
You closely miss the +1 spectral demon blade.
Asterion hits you with a +1 spectral demon blade!!
The +1 spectral demon blade misses you. Asterion gores you but does no damage.
Aizul misses you. The green death gestures at you.
The bolt of poison hits Aizul.
The bolt of poison hits you! You resist.
You are too injured to fight recklessly!
You are too injured to fight recklessly!
Asterion blocks your attack.
Asterion is lightly wounded.
You hit Aizul but do no damage. You miss the mana viper.
You slice the +1 spectral demon blade!!
Asterion shares his spectral weapon's damage!
You burn the +1 spectral demon blade.
Asterion shares his spectral weapon's damage!
The +1 spectral demon blade disappears.
The mana viper bites you!
You feel your power leaking away. Aizul hits you!
* * * LOW HITPOINT WARNING * * *
Asterion closely misses you.
The +1 spectral demon blade hits you but does no damage.
Asterion gores you but does no damage.
A +1 spectral demon blade comes into view.
Asterion blocks your attack.
You bite Asterion. You drain his power.
You feel invigorated.
Asterion is moderately wounded.
You closely miss the +1 spectral demon blade.
You hit Aizul but do no damage. You miss the mana viper. Aizul misses you.
The mana viper closely misses you.
Asterion hits you with a +1 spectral demon blade.
* * * LOW HITPOINT WARNING * * *
The +1 spectral demon blade hits you but does no damage.
Asterion gores you but does no damage.
You slash Aizul! You burn Aizul.
Aizul is severely wounded.
You slash the mana viper! You burn the mana viper.
You slash the +1 spectral demon blade!
Asterion shares his spectral weapon's damage!
You burn the +1 spectral demon blade.
Asterion shares his spectral weapon's damage!
You slice Asterion!! You burn Asterion! Aizul hits you!
* * * LOW HITPOINT WARNING * * *
Asterion hits you with a +1 spectral demon blade!!
You die...
Asterion bellows, "I am king!
All will kneel!"
Your body crumbles into a pile of gold.

>. ########.
.####....... #
........... ###
..........## ##..
......(....# ##..#
.....2H....# ##..##
#.....S@...########).##
#.....S.............##
##.................##
###################


You could see Aizul (magic disrupted), Asterion (fast), a green death
(summoned), a mana viper and a +1 spectral demon blade.

Vanquished Creatures
  Gastronok (Lair:2)
  An orc warlord (Orc:2)
  A stone giant (D:15)
  Azrael (Orc:2)
  A fire dragon (D:15)
  Josephine (D:10)
  Fannar (D:10)
  5 vault guards
  3 anacondas (Snake:1)
  7 hydras
  A catoblepas (Lair:4)
  5 centaur warriors (D:14)
  3 two-headed ogres
  5 boulder beetles
  9 death yaks
  5 tengu warriors
  2 orc high priests (Orc:2)
  2 naga warriors (Snake:1)
  A shock serpent (Snake:1)
  Sonja (D:10)
  3 thrashing horrors (Lair:5)
  A naga sharpshooter (Snake:1)
  4 skeletal warriors (D:12)
  A fire crab (Lair:5)
  Amaemon (Lair:2)
  2 skysharks (Lair:4)
  2 naga ritualists (Snake:1)
  Pikel (D:6)
  2 mana vipers (Snake:1)
  4 orc knights
  A harpy (shapeshifter) (D:15)
  A deep elf pyromancer (D:14)
  An orc sorcerer (Orc:2)
  A manticore (D:12)
  4 cyclopes
  15 ugly things
  A large abomination (Lair:5)
  4 meliai
  4 elephants
  11 black mambas
  3 salamanders
  A torpor snail (Lair:5)
  An orange demon (Lair:1)
  2 smoke demons (Lair:5)
  12 cane toads
  2 naga magi (Snake:1)
  A cane toad (shapeshifter) (D:14)
  3 unseen horrors
  3 kobold demonologists
  A rime drake (Lair:5)
  Maggie (D:6)
  10 komodo dragons
  A freezing wraith (D:15)
  4 polar bears
  9 trolls
  A hornet (D:14)
  4 merfolk (Lair:3)
  43 blink frogs
  Prince Ribbit (D:7)
  2 raiju (Lair:5)
  17 dream sheep
  Sigmund (D:5)
  A jumping spider (shapeshifter) (Lair:5)
  33 yaks
  2 vampires
  2 fire elementals (Orc:2)
  A slime creature (D:12)
  A ynoxinul (Lair:5)
  5 wraiths
  3 shadows
  Eustachio (D:6)
  A wyvern (Lair:4)
  Grum (D:9)
  9 basilisks
  A warg (Orc:2)
  A steam dragon (D:7)
  4 vampire mosquitoes
  2 chaos spawn (Lair:5)
  10 small abominations (Lair:5)
  12 nagas
  16 water moccasins
  2 acid dragons
  25 orc warriors
  A meliai simulacrum (D:14)
  2 hell hounds (Orc:2)
  A black bear (D:5)
  4 ogres
  2 ice beasts
  5 centaurs
  19 wolves
  3 phantoms
  3 kobold brigands
  9 bullfrogs
  A wyvern zombie (D:6)
  3 scorpions
  19 wights
  A water moccasin skeleton (D:6)
  6 howler monkeys
  6 electric eels
  A centaur zombie (D:6)
  A bullfrog zombie (D:6)
  6 hounds
  A bombardier beetle (D:3)
  6 jellies
  17 orc priests
  Crazy Yiuf (D:3)
  4 iguanas
  2 bullfrog skeletons (D:6)
  4 sleepcaps
  17 orc wizards
  Robin (D:3)
  An adder (D:6)
  2 dart slugs
  63 orcs
  6 bats
  4 endoplasms
  4 giant cockroaches
  13 goblins
  8 hobgoblins
  5 jackals
  5 ball pythons
  3 frilled lizards
  14 kobolds
  5 rats
  A butterfly (Lair:1)
  2 spectral weapons (Snake:1)
658 creatures vanquished.

Vanquished Creatures (others)
  A deep elf pyromancer (D:12)
  A dream sheep (Lair:5)
  A boggart simulacrum (D:14)
  An orc (D:8)
  A goblin (D:3)
5 creatures vanquished.

Grand Total: 663 creatures vanquished

Notes
Turn   | Place    | Note
-------+----------+-------------------------------------------
     0 | D:1      | Flugkiller the Vine Stalker Fighter began the quest for the
                  | Orb.
     0 | D:1      | Reached XP level 1. HP: 11/11 MP: 2/2
   332 | D:1      | Reached XP level 2. HP: 16/16 MP: 3/3
   811 | D:2      | You fall into a shaft and drop 1 floor!
   838 | D:3      | Noticed a bombardier beetle
   842 | D:3      | Reached XP level 3. HP: 20/20 MP: 2/4
   897 | D:3      | Noticed Robin
   903 | D:3      | Reached XP level 4. HP: 24/24 MP: 5/5
   913 | D:3      | Killed Robin
  1291 | D:2      | Found Cexousanulo's Assorted Antiques.
  1300 | D:2      | Bought a blackened emerald ring for 110 gold pieces
  2176 | D:3      | Found a runed translucent door.
  2177 | D:3      | Noticed Crazy Yiuf
  2186 | D:3      | Killed Crazy Yiuf
  2187 | D:3      | Reached XP level 5. HP: 29/29 MP: 6/6
  2339 | D:4      | Noticed an ogre
  2375 | D:4      | Killed an ogre
  2376 | D:4      | Reached XP level 6. HP: 8/33 MP: 1/7
  2479 | D:4      | Found an opulent altar of Gozag.
  2505 | D:4      | Became a worshipper of Gozag Ym Sagoz the Greedy
  2748 | D:4      | Found a sparkling altar of Nemelex Xobeh.
  2927 | D:5      | Entered Level 5 of the Dungeon
  2967 | D:5      | Noticed an ice beast
  2974 | D:5      | Killed an ice beast
  2975 | D:5      | Reached XP level 7. HP: 29/38 MP: 5/8
  3012 | D:5      | Reached skill level 5 in Fighting
  3088 | D:5      | Found an iron altar of Okawaru.
  3104 | D:5      | Noticed Sigmund
  3111 | D:5      | Killed Sigmund
  3112 | D:5      | Gained mutation: You have razor-sharp teeth. [Vine Stalker
                  | growth]
  3112 | D:5      | Reached XP level 8. HP: 37/43 MP: 7/9
  3321 | D:5      | Found Dagoemuxi's Antique Weapon Shoppe.
  3377 | D:5      | Reached skill level 5 in Axes
  3542 | D:6      | Found a staircase to the Ecumenical Temple.
  3544 | D:6      | Noticed Pikel
  3566 | D:6      | Killed Pikel
  3611 | D:6      | Reached XP level 9. HP: 44/49 MP: 8/10
  3677 | D:6      | Reached skill level 5 in Shields
  3737 | D:6      | Noticed Maggie
  3756 | D:6      | Killed Maggie
  4007 | D:6      | Noticed Eustachio
  4016 | D:6      | Killed Eustachio
  4100 | D:6      | Reached skill level 5 in Armour
  4426 | D:7      | Reached XP level 10. HP: 56/56 MP: 11/11
  4498 | D:7      | Noticed Prince Ribbit
  4500 | D:7      | Found a radiant altar of Vehumet.
  4515 | D:7      | Killed Prince Ribbit
  4575 | D:7      | Reached skill level 1 in Dodging
  4691 | D:7      | Identified the +4 mace of the Lusting Gods {elec, Int+2}
  5314 | D:8      | Found a staircase to the Lair.
  5403 | D:8      | Found Fuluvo Xuono's Assorted Antiques.
  5411 | D:8      | Bought a translucent emerald amulet for 150 gold pieces
  5411 | D:8      | Identified the amulet "Ywnaity" {Reflect Fly Will+++ Str-5
                  | Dex-2 SH+5} (You bought it in a shop on level 8 of the
                  | Dungeon)
  5411 | D:8      | Bought a sedimented puce potion for 27 gold pieces
  5615 | D:8      | Found a hide-covered altar of Uskayaw.
  5764 | D:8      | Noticed a two-headed ogre
  5774 | D:8      | Killed a two-headed ogre
  6094 | D:9      | Noticed a kobold demonologist
  6100 | D:9      | Killed a kobold demonologist
  6141 | D:9      | Found Povum's Jewellery Boutique.
  6185 | D:9      | Found a glowing silver altar of Zin.
  6186 | D:9      | Noticed Grum
  6204 | D:9      | Found Imiedgh's Magic Scroll Boutique.
  6215 | D:9      | Bought a scroll of blinking for 112 gold pieces
  6236 | D:9      | Reached XP level 11. HP: 59/62 MP: 12/12
  6250 | D:9      | Bought a scroll of brand weapon for 142 gold pieces
  6258 | D:9      | Killed Grum
  6365 | D:9      | Found Ytasiung's Assorted Antiques.
  6888 | D:10     | Entered Level 10 of the Dungeon
  6955 | D:10     | Noticed Sonja
  6959 | D:10     | Noticed Fannar
  6960 | D:10     | Killed Sonja
  7046 | D:10     | Killed Fannar
  7345 | D:10     | Reached skill level 5 in Evocations
  7381 | D:10     | Found a bloodstained altar of Trog.
  7553 | D:10     | Noticed Josephine
  7573 | D:10     | Killed Josephine
  7956 | D:11     | Found a staircase to the Orcish Mines.
  7984 | D:11     | Noticed a two-headed ogre
  7992 | D:11     | Killed a two-headed ogre
  8175 | D:11     | Reached XP level 12. HP: 67/67 MP: 11/13
  8349 | D:11     | Identified the +2 ring mail "Hiuggeog" {Int+3}
  8499 | D:12     | Noticed a two-headed ogre
  8513 | D:12     | Killed a two-headed ogre
  8520 | D:12     | Reached skill level 10 in Fighting
  8613 | D:12     | Reached skill level 10 in Axes
  8879 | D:12     | Reached skill level 5 in Dodging
  9324 | D:12     | Noticed a boulder beetle
  9361 | D:12     | Killed a boulder beetle
  9505 | Lair:1   | Entered Level 1 of the Lair of Beasts
  9665 | Lair:1   | Reached XP level 13. HP: 65/73 MP: 14/14
  9781 | Lair:1   | Noticed Amaemon
  9796 | Lair:1   | HP: 2/73 [orange demon[Amaemon] (3)]
  9928 | Lair:2   | Killed Amaemon
 10424 | Lair:2   | Noticed Gastronok
 10451 | Lair:2   | Killed Gastronok
 10522 | Lair:2   | Identified the +4 ring mail "Cucoruex" {Will+}
 11488 | Lair:3   | Found a glowing golden altar of the Shining One.
 11746 | Lair:3   | Identified the +1 whip "Feronod" {speed, SInv}
 11760 | Lair:3   | Found a runed translucent door.
 11760 | Lair:3   | Found a shimmering altar of Xom.
 11760 | Lair:3   | Noticed 7tar4e's ghost (journeyman DsFi)
 11761 | Lair:3   | Identified the +9 dire flail of the Unspeakable One {chaos,
                  | rElec SInv}
 11936 | Lair:3   | Found a staircase to the Snake Pit.
 11986 | Lair:3   | Found a staircase to the Shoals.
 12015 | Lair:3   | Reached XP level 14. HP: 57/79 MP: 15/15
 13137 | Lair:5   | Entered Level 5 of the Lair of Beasts
 13162 | Lair:4   | Bought the +3 pair of gauntlets of War {Slay+5} for 760
                  | gold pieces
 13162 | Lair:4   | Found the +3 pair of gauntlets of War {Slay+5}
 13527 | Lair:5   | Reached skill level 10 in Armour
 13766 | Lair:5   | Found a staircase to the Slime Pits.
 13777 | Lair:5   | Found a viscous altar of Jiyva.
 13893 | Lair:5   | Reached XP level 15. HP: 75/85 MP: 16/16
 14245 | Lair:5   | Found a corrupted altar of Lugonu.
 14245 | Lair:5   | Found a one-way gate to the infinite horrors of the Abyss.
 14300 | Lair:5   | Identified the amulet of Pogh {Faith MP+9 Str+3}
 14781 | Orc:1    | Entered Level 1 of the Orcish Mines
 14928 | Orc:2    | Entered Level 2 of the Orcish Mines
 15000 | Orc:2    | Found Zunooz's General Store.
 15161 | Orc:2    | Found a staircase to the Elven Halls.
 15332 | Orc:2    | Noticed an orc warlord
 15368 | Orc:2    | Killed an orc warlord
 15389 | Orc:2    | Found Wuiwk's Antique Weapon Boutique.
 15392 | Orc:2    | Found Qocloeni's Antique Armour Shop.
 15398 | Orc:2    | Bought a broad axe for 96 gold pieces
 15469 | Orc:2    | Noticed Azrael
 15490 | Orc:2    | Killed Azrael
 15491 | Orc:2    | Found Duap's Antique Weapon Shop.
 15898 | Orc:2    | Bought a +5 battleaxe of flaming for 464 gold pieces
 16451 | D:13     | Found a portal to a secret trove of treasure.
 16715 | D:14     | Noticed a storm dragon
 16715 | D:14     | Found a runed translucent gate.
 16715 | D:14     | Found a runed translucent gate.
 16715 | D:14     | Found a runed translucent gate.
 16715 | D:14     | Found Zakeqopn's Distillery.
 16833 | D:14     | Found a transporter.
 16834 | D:14     | Found a transporter.
 17001 | D:14     | Found a transporter.
 17003 | D:14     | Found a transporter.
 17128 | D:14     | Found a transporter.
 17225 | D:14     | Noticed Cicylist's ghost (journeyman FoFi)
 17407 | D:14     | Found a gate to the Vaults.
 17430 | D:14     | Reached XP level 16. HP: 35/92 MP: 17/17
 17494 | D:14     | Reached skill level 10 in Dodging
 17750 | D:15     | Entered Level 15 of the Dungeon
 18046 | D:15     | Found a staircase to the Depths.
 18714 | Orc:2    | Bought the ring "Kimaxetz" {rPois Will++ Int-4 Dex+8} for
                  | 592 gold pieces
 18972 | Snake:1  | Entered Level 1 of the Snake Pit
 19207 | Snake:1  | You fall into a shaft and drop 1 floor!
 19440 | Snake:1  | Identified the serpent talisman of Yjisialu {rF+}
 19440 | Snake:1  | Noticed Aizul
 19443 | Snake:1  | Noticed Asterion
 19455 | Snake:1  | Mangled by Asterion

Illustrated notes

Levels and vault maps discovered:
D:1:      dpeg_arrival_tiny_b, layout_basic
D:2:      layout_basic, serial_shops, shop_statue, corner_web_ring
D:3:      layout_loops_ring, chequers_jeans, uniq_robin, uniq_crazy_yiuf_cottage
D:4:      layout_basic, mainiacjoe_overflow_six_doors_small,
          nemelex_altar_shiori
D:5:      layout_rooms, okawaru_gym_becter, serial_shops,
          nicolae_shop_behind_doors, uniq_sigmund
D:6:      layout_loops_ring, minmay_temple_entry_statues_fountains,
          serial_undead, serial_undead_c, serial_undead_f, serial_undead_d,
          serial_undead_d, uniq_maggie, uniq_eustachio, uniq_pikel
D:7:      layout_loops_ring, fiery_altar_vehumet, uniq_prince_ribbit1
D:8:      layout_basic, nicolae_uskayaw_dance_hall, erik_lair_island,
          serial_shops, shop_statue
D:9:      layout_irregular_city, mainiacjoe_overflow_alcove_4, serial_shops,
          nicolae_shop_hallway_plus, nicolae_shop_dealshenge,
          nicolae_shop_just_a_little_nook, uniq_grum
D:10:     layout_stronghold, overflow_temple_1_default, serial_column_ruins,
          column_ruins_square_medium, column_ruins_hut, column_ruins_grid_1,
          column_ruins_corridor_water, column_ruins_open_tiny_water,
          column_ruins_corridor_straight, column_ruins_columns_straight,
          column_ruins_columns_straight, column_ruins_corridor_corner,
          uniq_josephine, uniq_sonja, uniq_fannar
D:11:     layout_cave_pools, orc_0_dummy, nicolae_sextant,
          kennysheep_generic_room_9
D:12:     layout_loops_ring, minmay_alternating_orb
D:13:     layout_loops_cross, enter_trove_5
D:14:     gammafunk_the_bubble [the_bubble_gammafunk_roulette],
          layout_cave_pods, lightli_vaults_fourway_checkpoint, minivault_27,
          gammafunk_ghost_split, serial_shops, shop
D:15:     grunt_enter_depths_snipers, layout_rooms,
          roderic_lattice_octagonal_star, serial_glass, glass_columns_c,
          glass_columns_a, glass_columns_b, glass_columns_c, glass_columns_c,
          glass_columns_a
Lair:1:   layout_gridlike, cheibrodos_lair_caveside_slide, lemuel_fruit_fields,
          infiniplex_staircase_pool_2, uniq_amaemon
Lair:2:   layout_chaotic_city, lemuel_fruit_tree, grunt_megastairs_2,
          infiniplex_staircase_pool, uniq_gastronok
Lair:3:   layout_chaotic_city, elwin_shoals_entry_stream,
          alex1729_snake_entry_snake, ebering_ghost_xom, basic_altar,
          serial_bayou_lake_a
Lair:4:   layout_loops_ring
Lair:5:   hellmonk_lair_end_abyssal_woods, layout_loops_ring,
          nicolae_slime_entry_field_trip, st_stairs_4, serial_bayou_shore_b
Snake:1:  layout_onion, serial_shops, nicolae_shop_pleasant_corner_grove,
          grunt_ministairs_5, nicolae_snake_guarding_the_ruins,
          serial_bayou_shore_a, uniq_aizul, uniq_asterion
Snake:2:  layout_rooms, serial_bayou, serial_bayou_pond_a, serial_bayou_pond_e,
          serial_bayou_pond_c, serial_bayou_pond_b, nicolae_snake_mages_go_home,
          grunt_megastairs_4
Orc:1:    layout_caves, basic_altar
Orc:2:    grunt_orc_community_town_hall, layout_diamond_mine,
          grunt_orc_community_big_house_1, grunt_orc_community_big_house_1,
          grunt_orc_community_house_3, grunt_orc_community_house_1,
          grunt_orc_community_house_1, grunt_orc_community_house_1,
          portal_ice_cave_entry_pillars_1, nicolae_orc_found_a_spring,
          uniq_azrael

Skill      XL: |  1  2  3  4  5  6  7  8  9 10 11 12 13 14 15 16 |
---------------+-------------------------------------------------+-----
Axes           | 2 3 4 6 7 9 10 11 12 13 14 | 14.1
Fighting       | 3 4 5 6 7 9 10 11 12 13 14 | 14.2
Shields        | 3 4 5 |  5.5
Armour         | 3 4 5 6 7 9 10 11 | 11.8
Dodging        | 2 3 5 7 8 9 10 | 10.5
Evocations     | 7 |  7.0

Action                     |  1- 3 |  4- 6 |  7- 9 | 10-12 | 13-15 | 16-18 || total
---------------------------+-------+-------+-------+-------+-------+-------++-------
  Melee: War axe           |    44 |   109 |   176 |   549 |   908 |       ||  1786
         Bite              |     6 |    28 |    60 |   199 |   375 |    64 ||   732
         Battleaxe         |       |       |       |       |   110 |   147 ||   257
 Invoke: Call Merchant     |       |       |       |       |     4 |       ||     4
         Potion Petition   |       |       |       |       |       |     1 ||     1
  Evoke: Wand              |       |       |       |     8 |     6 |     1 ||    15
         Lightning rod     |       |       |       |       |       |     1 ||     1
    Use: Scroll            |     5 |       |     6 |     3 |     9 |     2 ||    25
         Potion            |       |     8 |     1 |     1 |     4 |     2 ||    16
   Stab: Paralysed         |       |       |       |     1 |       |       ||     1
         Distracted        |       |       |       |       |     7 |     2 ||     9
         Petrified         |       |       |       |       |     7 |       ||     7
 Armour: Scale mail        |    23 |    31 |       |       |       |       ||    54
         Plate armour      |       |    51 |   145 |   480 |   147 |       ||   823
         Ring mail         |       |       |       |       |   595 |   208 ||   803
  Dodge: Dodged            |    19 |    41 |    33 |   158 |   544 |   185 ||   980
  Block: Buckler           |    15 |    31 |    55 |   288 |   491 |       ||   880
         Reflection        |       |       |       |    13 |     5 |       ||    18
